 Dungeon Crawl Stone Soup version 0.22-a0-605-g9281fa2 (webtiles) character file.

26 Hebeh the Firebug (level 2, -1/15 HPs)
             Began as a Deep Elf Fire Elementalist on July 8, 2018.
             Slain by Natasha (7 damage)
             ... on level 2 of the Dungeon.
             The game lasted 00:05:55 (790 turns).

Hebeh the Firebug (Deep Elf Fire Elementalist)       Turns: 790, Time: 00:05:56

Health: -1/15      AC:  3    Str:  5    XL:     2   Next: 89%
Magic:  2/8        EV: 13    Int: 23    God:
Gold:   78         SH:  0    Dex: 15    Spells: 5/8 levels left

rFire    . . .     SeeInvis .   h - +0 short sword
rCold    . . .     Gourm    .   (no shield)
rNeg     . . .     Faith    .   a - +0 robe
rPois    .         Spirit   .   (no helmet)
rElec    .         Reflect  .   (no cloak)
rCorr    .         Harm     .   (no gloves)
MR       .....                  k - +0 pair of boots
Stlth    ++........             (no amulet)
HPRegen  0.05/turn              b - +4 ring of intelligence
MPRegen  0.11/turn              (no ring)

@: very slightly contaminated, slowed, very slow
A: no striking features
a: no special abilities


You were on level 2 of the Dungeon.
You were not hungry.

You visited 1 branch of the dungeon, and saw 2 of its levels.

You collected 78 gold pieces.

Inventory:

Hand Weapons
 f - a +0 whip
 h - a +0 short sword (weapon)
Armour
 a - a +0 robe (worn)
 k - a +0 pair of boots (worn)
Jewellery
 b - a +4 ring of intelligence (left hand)
Scrolls
 e - 2 scrolls of teleportation {unknown}
 g - a scroll of random uselessness {unknown}
 j - 2 scrolls of identify {unknown}
Potions
 i - a potion of cancellation {unknown}
Comestibles
 c - 4 rations
 d - a chunk of flesh


   Skills:
 - Level 2.4 Dodging
 + Level 2.7 Stealth
 * Level 3.6 Spellcasting
 * Level 2.0 Conjurations
 * Level 3.6 Fire Magic


You had 5 spell levels left.
You knew the following spells:

 Your Spells              Type           Power        Failure   Level  Hunger
a - Flame Tongue          Conj/Fire      ###..        3%          1    None
b - Throw Flame           Conj/Fire      ###...       4%          2    #......

Your spell library contained the following spells:

 Spells                   Type           Power        Failure   Level  Hunger
 Fireball                 Conj/Fire      ###.......   67%         5    ######.
 Conjure Flame            Conj/Fire      ###.....     10%         3    ###....
 Sticky Flame             Conj/Fire      ###.....     32%         4    ####...
 Inner Flame              Hex/Fire       ##......     16%         3    ###....


Dungeon Overview and Level Annotations

Branches:
Dungeon (2/15)

Altars:

Annotations:
D:2 Natasha, Terence


Message History

Casting: Flame Tongue (safe; 3% risk of failure)
Confirm with . or Enter, or press ? or * to list all spells.
You don't have enough magic to cast that spell.
Terence asks, "Do you want it fast or slow?"
Terence closely misses you.
Natasha extends her claws.
Terence closely misses you.
Natasha mumbles some strange words.
Natasha's front paws start to glow.
Natasha stares at you and mumbles some strange words.
You feel yourself slow down.
Terence hits you with a falchion of holy wrath!
Natasha stares at you and mumbles some strange words.
You feel as though you will be slow longer.
Terence hits you but does no damage.
The white imp disappears in a puff of smoke!
Natasha claws you.
Terence hits you with a falchion of holy wrath.
Natasha claws you!
You die...

.##.### #....#.#
#..#......#
#..#.#.##.#
.........##..#.#.##.#
.........##..#.#.##.#
.........##........<#
....5....##..#.#.####
...h.....+.....@@...#
....!..[.##....h..#.#
.........#..§........#
#'###....§...##.#
#.........#..# #
#.###...#.#..#
#.##....#....#
#.......###.##
#.........#.#


You could see Terence and Natasha.

Vanquished Creatures
  3 leopard geckos (D:1)
  4 goblins (D:1)
  2 hobgoblins (D:1)
  5 bats
  A frilled lizard (D:1)
  5 kobolds
  3 rats (D:1)
23 creatures vanquished.

Notes
Turn   | Place    | Note
-------+----------+-------------------------------------------
     0 | D:1      | Hebeh the Deep Elf Fire Elementalist began the quest for the Orb.
     0 | D:1      | Reached XP level 1. HP: 10/10 MP: 6/6
   183 | D:1      | Reached XP level 2. HP: 15/15 MP: 6/8
   719 | D:1      | Learned a level 2 spell: Throw Flame
   771 | D:2      | Noticed Terence
   772 | D:2      | Noticed Natasha
   790 | D:2      | Slain by Natasha

Vault maps used:
D:1:      erik_arrival_triangle_small
D:2:      tgw_fedhas, first_ration, uniq_terence, uniq_natasha

Skill      XL: |  1  2 |
---------------+-------+-----
Conjurations   | 2 |  2.0
Dodging        | |  2.4
Stealth        | |  2.7
Spellcasting   | |  3.6
Fire Magic     | |  3.6

Action                   || total
-------------------------++-------
 Cast: Flame Tongue      ||    33
       Throw Flame       ||     3
Armor: Robe              ||     4
Dodge: Dodged            ||    10

Table legend:
 A = Spawn XP
 B = Non-spawn XP
 C = Spawn XP percentage of total XP
 D = Spawn monster count
 E = Non-spawn monster count
 F = Spawn count percentage of total count
 G = Total turns spent on level
                    A         B        C        D         E        F      G
               +---------+---------+-------+---------+---------+-------+---------
         Total |       0 |      38 |   0.0 |       0 |      23 |   0.0 |   790
               +---------+---------+-------+---------+---------+-------+---------
           D:1 |       0 |      35 |   0.0 |       0 |      21 |   0.0 |   735
           D:2 |       0 |       3 |   0.0 |       0 |       2 |   0.0 |    55
               +---------+---------+-------+---------+---------+-------+---------
